 Dungeon Crawl Stone Soup version 0.31.0-9-g3a7656b989 (webtiles) character file.

Game seed: 13098701002315386688

1101 qw the Skirmisher (level 8, -4/39 HPs)
             Began as a Spriggan Hunter on Feb 2, 2024.
             Was a Follower of Okawaru.
             Slain by Edmund
             ... wielding a +2 heavy flail
              (16 damage)
             ... on level 6 of the Dungeon.
             The game lasted 00:00:17 (3984 turns).

qw the Skirmisher (Spriggan Hunter)                 Turns: 3984, Time: 00:00:18

Health: -4/39      AC:  2    Str:  7    XL:     8   Next: 10%
Magic:  11/11      EV: 23    Int: 10    God:    Okawaru [*.....]
Gold:   286        SH:  0    Dex: 21    Spells: 7/7 levels left

rFire   . . .        a - +1 shortbow
rCold   . . .        (shield currently unavailable)
rNeg    . . .        c - +0 robe
rPois   +            (helmet restricted)
rElec   .            (no cloak)
rCorr   .            (gloves unavailable)
SInv    +            (boots unavailable)
Will    +....        (no amulet)
Stlth   ++           g - ring of poison resistance
HPRegen 0.26/turn    (no ring)
MPRegen 0.12/turn

%: no passive effects
@: very quick
A: very small, no large weapons, unfitting armour, see invisible, speed 3
a: Renounce Religion, Heroism


You were on level 6 of the Dungeon.
You worshipped Okawaru.
Okawaru was aware of your devotion.
You visited 2 branches of the dungeon, and saw 7 of its levels.

You collected 286 gold pieces.


Innate Abilities, Weirdness & Mutations

You are very small and have problems with some larger weapons.
You are too small for most types of armour.
You have supernaturally acute eyesight. (SInv)
You cover ground extremely quickly. (Speed+++)


   Skills:
 - Level 2.0 Fighting
 - Level 8.0 Ranged Weapons
 + Level 7.7 Dodging
 - Level 1.5 Stealth
 + Level 3.0 Invocations


You had 7 spell levels left.
You didn't know any spells.
Your spell library was empty.

Inventory:

Hand Weapons
 a - a +1 shortbow (weapon)
Armour
 c - a +0 robe (worn)
Jewellery
 g - a ring of poison resistance (left hand)
Scrolls
 d - 3 scrolls of identify
 e - 3 scrolls of teleportation
Potions
 b - a potion of resistance
 f - 2 potions of enlightenment
 h - a potion of curing
 i - a potion of degeneration {unknown}
 j - a potion of heal wounds {unknown}

Dungeon Overview and Level Annotations

Branches:
Dungeon (6/15)             Temple (1/1) D:4

Altars:
Ashenzari
Cheibriados
Dithmenos
Elyvilon
Fedhas
Gozag
Hepliaklqana
Kikubaaqudgha
Nemelex Xobeh
Okawaru
Qazlal
Ru
Sif Muna
Trog
Vehumet
Wu Jian
Xom
Zin
The Shining One

Shops:
D:2 [

Annotations:
D:2 1 runed translucent door, Crazy Yiuf
D:3 3 runed translucent doors, exclusion: 3 quokkas, qw's ghost, amateur DgHu
D:6 Edmund


Message History

The arrow hits Edmund but does no damage.
You shoot an arrow. The arrow hits Edmund.
Edmund is lightly wounded.
You shoot an arrow. The arrow hits Edmund!
Edmund is moderately wounded.
You shoot an arrow. The arrow barely misses Edmund.
Edmund gestures with his flail.
You shoot an arrow.
The arrow hits Edmund but does no damage.
Edmund is moderately wounded.
You shoot an arrow.
The arrow hits Edmund but does no damage.
Edmund is moderately wounded.
You shoot an arrow.
The arrow hits Edmund but does no damage.
Edmund is moderately wounded.
Edmund misses you.
You shoot an arrow. The arrow hits Edmund.
Edmund is moderately wounded.
Edmund hits you with a +2 heavy flail!
You shoot an arrow. The arrow hits Edmund.
Edmund is heavily wounded.
You shoot an arrow.
The arrow hits Edmund but does no damage.
Edmund is heavily wounded.
Edmund asks, "Have you met my wondrous brother?"
Edmund completely misses you.
You shoot an arrow. The arrow hits Edmund.
Edmund is heavily wounded.
Edmund misses you.
You shoot an arrow. The arrow hits Edmund.
Edmund is severely wounded.
You shoot an arrow. The arrow hits Edmund.
Edmund is severely wounded.
Edmund hits you with a +2 heavy flail!
You shoot an arrow. The arrow hits Edmund.
Edmund is severely wounded.
Edmund hits you with a +2 heavy flail!
You die...
Edmund says, "That'll show my brother!"

#......##..<#.#
#####'#...#<..#
#.#.....###..
#.#...........
########.##...###...#
............>....####
........####.###.#
........'..#...#.#
.......@##.#.:...#
......@.##.?.#......#
...........#.######.#
.......###.#.# .
....... # #.# .......
#+# ....... .......


You could see Edmund.

Vanquished Creatures
  Sigmund (D:2)
  An ice beast (D:5)
  An ogre (D:5)
  A phantom (D:5)
  4 scorpions
  2 bombardier beetles
  3 hounds
  An orc priest (D:5)
  Jessica (D:2)
  4 iguanas
  6 adders
  A gnoll (D:1)
  2 white imps (D:5)
  5 dart slugs
  A ribbon worm (D:4)
  5 orcs (D:5)
  2 ball pythons
  4 bats
  6 endoplasms
  3 giant cockroaches
  4 goblins
  4 hobgoblins
  4 jackals
  4 quokkas
  2 frilled lizards
  2 kobolds
  2 rats
76 creatures vanquished.

Notes
Turn   | Place    | Note
-------+----------+-------------------------------------------
     0 | D:1      | qw the Spriggan Hunter began the quest for the Orb.
     0 | D:1      | Reached XP level 1. HP: 10/10 MP: 2/2
     0 | D:1      | 0 ||| qw: Version: 0.3-a-155-g5e7d8dd
     0 | D:1      | 0 ||| qw: Game counter: 600
     0 | D:1      | 0 ||| qw: Melee chars always use a shield: true
     0 | D:1      | 0 ||| qw: God list: Okawaru
     0 | D:1      | 0 ||| qw: Allow faded altars: false
     0 | D:1      | 0 ||| qw: Do Orc after clearing Dungeon:15 true
     0 | D:1      | 0 ||| qw: Do second Lair branch before Depths: true
     0 | D:1      | 0 ||| qw: Lair rune preference: random
     0 | D:1      | 0 ||| qw: Goals: Normal
     0 | D:1      | 0 ||| PLANNING D:1-11
    27 | D:1      | Reached skill level 3 in Dodging
    71 | D:1      | Reached XP level 2. HP: 14/14 MP: 3/3
   508 | D:1      | 508 ||| UPGRADING to ring of poison resistance.
   509 | D:1      | 509 ||| READING 3 scrolls labelled REMERE XUOJ HORE.
   509 | D:1      | 509 ||| IDENTIFYING puce potion
   510 | D:1      | 510 ||| READING 2 scrolls of identify.
   510 | D:1      | 510 ||| IDENTIFYING dark potion
   511 | D:1      | 511 ||| READING scroll of identify.
   511 | D:1      | 511 ||| IDENTIFYING scroll labelled LAPNIY LIMA
   512 | D:1      | 512 ||| DROPPING scroll of butterflies.
   513 | D:1      | 513 ||| DROPPING potion of attraction.
   595 | D:2      | Found a runed translucent door.
   596 | D:2      | Noticed Crazy Yiuf
   642 | D:2      | Noticed Jessica
   649 | D:2      | Killed Jessica
   650 | D:2      | Reached XP level 3. HP: 18/18 MP: 4/4
   814 | D:2      | Reached XP level 4. HP: 19/22 MP: 5/5
   875 | D:2      | Found Veytef's Antique Armour Emporium.
   880 | D:2      | 880 ||| FLEEEEING.
   882 | D:2      | 882 ||| FLEEEEING.
   906 | D:2      | Reached skill level 5 in Ranged Weapons
   906 | D:2      | Noticed Sigmund
   922 | D:2      | Killed Sigmund
   923 | D:2      | Reached skill level 6 in Dodging
   923 | D:2      | Reached XP level 5. HP: 25/25 MP: 6/6
   925 | D:2      | 925 ||| SHOPLISTING glowing scarf (160 gold, have 76).
   925 | D:2      | 925 ||| SHOPLISTING glowing swamp dragon scales (1060 gold,
                  | have 76).
  1131 | D:2      | 1131 ||| READING scroll of identify.
  1131 | D:2      | 1131 ||| IDENTIFYING glowing clear potion
  1132 | D:2      | 1132 ||| READING scroll labelled SAUGUK NOXET.
  1133 | D:2      | 1133 ||| DRINKING 2 bubbling coppery potions.
  1134 | D:2      | 1134 ||| DROPPING potion of brilliance.
  1534 | D:3      | Found a runed translucent gate.
  1536 | D:3      | Found a runed translucent gate.
  1537 | D:3      | Found a runed translucent gate.
  1538 | D:3      | Noticed qw's ghost (amateur DgHu)
  1727 | D:3      | Reached XP level 6. HP: 29/30 MP: 7/7
  1772 | D:3      | Found a white marble altar of Elyvilon.
  2119 | D:3      | 2119 ||| READING scroll of identify.
  2119 | D:3      | 2119 ||| IDENTIFYING pink potion
  2120 | D:3      | 2120 ||| READING scroll labelled OKARE LAOMULL.
  2121 | D:3      | 2121 ||| READING 3 scrolls labelled GUBUTO HAOG.
  2222 | D:3      | 2222 ||| READING scroll labelled MIOFFOTOLU.
  2223 | D:3      | 2223 ||| READING scroll labelled HOUPTU FAQU.
  2224 | D:3      | 2224 ||| DROPPING potion of ambrosia.
  2225 | D:3      | 2225 ||| DROPPING 2 scrolls of vulnerability.
  2261 | D:4      | 2261 ||| STAIRDANCE
  2279 | D:4      | 2279 ||| STAIRDANCE
  2370 | D:4      | Found a hazy altar of Hepliaklqana.
  2449 | D:4      | Found an ornate altar of the Wu Jian Council.
  2517 | D:4      | Found a staircase to the Ecumenical Temple.
  2518 | D:4      | 2518 ||| PLANNING TEMPLE
  2518 | D:4      | 2518 ||| READING scroll of identify.
  2518 | D:4      | 2518 ||| IDENTIFYING 2 cyan potions
  2519 | D:4      | 2519 ||| READING scroll labelled NUC BANIMONE.
  2519 | D:4      | 2519 ||| ENCHANTING +0 shortbow.
  2525 | Temple   | Entered the Ecumenical Temple
  2526 | Temple   | 2526 ||| PLANNING OKAWARU WORSHIP
  2557 | Temple   | Became a worshipper of Warmaster Okawaru
  2558 | Temple   | 2558 ||| PLANNING D:1-11
  2715 | D:4      | Reached skill level 6 in Ranged Weapons
  2789 | D:5      | Entered Level 5 of the Dungeon
  2803 | D:5      | Found a blossoming altar of Fedhas.
  2818 | D:5      | Reached XP level 7. HP: 21/35 MP: 8/8
  3016 | D:5      | Reached skill level 7 in Ranged Weapons
  3120 | D:5      | Reached * piety under Okawaru
  3136 | D:5      | Reached skill level 1 in Invocations
  3373 | D:5      | Reached skill level 8 in Ranged Weapons
  3624 | D:5      | Reached XP level 8. HP: 39/39 MP: 9/11
  3633 | D:5      | Reached skill level 3 in Invocations
  3869 | D:5      | 3869 ||| READING scroll labelled BUREAS LEALL.
  3970 | D:6      | Noticed Edmund
  3984 | D:6      | Slain by Edmund

Levels and vault maps discovered:
D:1:      lightli_iron_boxes, layout_rooms, serial_forest,
          infiniplex_forest_side_room, infiniplex_forest_lined_room_2,
          infiniplex_forest_clump_curved, infiniplex_forest_end_double,
          infiniplex_forest_3_way, infiniplex_forest_straight_2,
          infiniplex_forest_straight_4
D:2:      layout_rooms, serial_shops, shop, uniq_sigmund,
          uniq_crazy_yiuf_cottage, uniq_jessica
D:3:      layout_loops_ring, nicolae_elyvilon_temple_path,
          ebering_ghost_rock_garden, serial_bayou_crossing
D:4:      layout_rooms, nicolae_hepliaklqana_hazy_memory,
          mainiacjoe_overflow_tiny_flanked, minmay_temple_entry_waves
D:5:      layout_loops_corners, fedhas_ov_isle_minmay
D:6:      layout_basic, nicolae_uskayaw_murder_on_the_dancefloor,
          ebering_ghost_rock_garden, serial_curves, eino_curves_04,
          eino_curves_01, eino_curves_04, ebering_dispersal_statue_hall,
          nicolae_shop_self_help, uniq_edmund
Temple:   bh_familiar_temple

Skill      XL: |  1  2  3  4  5  6  7  8 |
---------------+-------------------------+-----
Dodging        | 3 4 6 7 |  7.7
Ranged Weapons | 5 6 8 |  8.0
Fighting       | 2 |  2.0
Invocations    | 2 3 |  3.0
Stealth        | |  1.5

Action                     |  1- 3 |  4- 6 |  7- 9 || total
---------------------------+-------+-------+-------++-------
   Fire: Shortbow          |    57 |   137 |   119 ||   313
    Use: Scroll            |     3 |     9 |     1 ||    13
         Potion            |       |     1 |       ||     1
 Armour: Robe              |     2 |     7 |    10 ||    19
  Dodge: Dodged            |    10 |    42 |    43 ||    95

Table legend:
 A = Non-vault XP
 B = Vault XP
 C = Vault XP percentage of total XP
 D = Non-vault monster count
 E = Vault monster count
 F = Vault count percentage of total count
                 A         B        C        D         E       F
            +---------+---------+-------+---------+---------+-------
      Total |    1323 |     251 |  15.9 |      74 |       2 |   2.6
            +---------+---------+-------+---------+---------+-------
        D:1 |      35 |       0 |   0.0 |      13 |       0 |   0.0
        D:2 |      34 |     251 |  88.1 |       9 |       2 |  18.2
        D:3 |     100 |       0 |   0.0 |      18 |       0 |   0.0
        D:4 |     226 |       0 |   0.0 |      11 |       0 |   0.0
        D:5 |     928 |       0 |   0.0 |      23 |       0 |   0.0
            +---------+---------+-------+---------+---------+-------
